 Dungeon Crawl Stone Soup version 0.26-a0-597-gb535b0901c (webtiles) character file.

Game seed: 11978568784120262877

(classic levelgen) 21 EnegeticOcto the Shield-Bearer (level 2, -6/27 HPs)
             Began as a Deep Dwarf Fighter on Aug 27, 2020.
             Mangled by an ogre
             ... wielding a +0 giant club
              (23 damage)
             ... on level 4 of the Dungeon.
             The game lasted 00:00:18 (270 turns).

EnegeticOcto the Shield-Bearer (Deep Dwarf Fighter)  Turns: 270, Time: 00:00:19

Health: -6/27      AC:  6    Str: 19    XL:     2   Next: 65%
Magic:  2/2        EV:  7    Int:  8    God:
Gold:   14         SH:  9    Dex: 12    Spells: 1/1 levels left

rFire    . . .     SeeInvis .   a - +0 war axe
rCold    + . .     Faith    .   c - +0 kite shield
rNeg     . . .     Spirit   .   b - +0 scale mail
rPois    .         Reflect  .   (no helmet)
rElec    .         Harm     .   (no cloak)
rCorr    .                      (no gloves)
MR       .....                  (no boots)
Stlth    ..........             (no amulet)
HPRegen  0.00/turn              g - ring of protection from cold
MPRegen  0.08/turn              (no ring)

@: non-regenerating
A: damage resistance, heal wounds, sense surroundings 1, no regeneration
a: Heal Wounds


You were on level 4 of the Dungeon.
You visited 1 branch of the dungeon, and saw 4 of its levels.

You collected 14 gold pieces.

Inventory:

Hand Weapons
 a - a +0 war axe (weapon)
Armour
 b - a +0 scale mail (worn)
 c - a +0 kite shield (worn)
Jewellery
 g - a ring of protection from cold (left hand)
Scrolls
 e - a scroll of identify {unknown}
 h - a scroll of teleportation {unknown}
 i - a scroll of fear {unknown}
 k - 2 scrolls of remove curse {unknown}
Potions
 d - a potion of might {@q3}
 f - a potion of mutation {unknown}
 j - a potion of flight {unknown}


   Skills:
 + Level 2.9 Fighting
 * Level 2.8 Axes
 + Level 3.5 Armour
 + Level 3.5 Shields


You had one spell level left.
You didn't know any spells.
Your spell library was empty.

Dungeon Overview and Level Annotations

Branches:
Dungeon (4/15)
 Temple: D:4-7

Altars:


Innate Abilities, Weirdness & Mutations

You are resistant to damage.
You can heal yourself by infusing magical energy.
You passively map a small area around you.
You do not regenerate.


Message History

No target in view!
No target in view!
No target in view!
No target in view!
No target in view!
No target in view!
No target in view!
j - a viscous black potion You see here a hobgoblin corpse.
k - a scroll labeled FAPSEOT IMPEKO
(D) Dungeon
Where to? (Enter - D:2, ? - help)
You see here a hobgoblin corpse.
There is a stone staircase leading down here.
You climb downwards.
There is a stone staircase leading up here.
Found a stone staircase leading down.
No target in view!
No target in view!
No target in view!
No target in view!
No target in view!
No target in view!
No target in view!
No target in view!
No target in view!
Found 25 arrows.
(D) Dungeon
Where to? (Enter - D:3, ? - help)
A kobold comes into view.
The kobold shouts!
You slash the kobold!
You kill the kobold!
No target in view!
No target in view!
No target in view!
No target in view!
No target in view!
No target in view!
No target in view!
No target in view!
No target in view!
No target in view!
No target in view!
(D) Dungeon
Where to? (Enter - D:4, ? - help)
There is a stone staircase leading down here.
You climb downwards.
An adder comes into view.
The adder hisses angrily.
Found 10 gold pieces, a scroll labeled FAPSEOT IMPEKO and a short sword.
There is a stone staircase leading up here.
An adder is nearby!
Found a mace.
The adder barely misses you.
Found a stone staircase leading down.
You hit the adder.
The adder is lightly wounded.
You block the adder's attack. The adder bites you.
You closely miss the adder.
The adder is lightly wounded.
The adder bites you but does no damage. The adder completely misses you.
Your shield prevents you from hitting the adder.
The adder is lightly wounded.
The adder barely misses you. x2
You slash the adder!
You kill the adder!
No target in view!
No target in view!
No target in view!
No target in view!
No target in view!
No target in view!
No target in view!
No target in view!
You now have 14 gold pieces (gained 10).
k - 2 scrolls labeled FAPSEOT IMPEKO (gained 1)
You open the door.
An ogre comes into view. It is wielding a +0 giant club.
The ogre shouts!
The ogre moves out of view.
An ogre is nearby!
An ogre is nearby!
An ogre is nearby!
An ogre is nearby!
Found 2 scrolls labeled VOIROUHELI.
You slash the ogre!
The ogre is heavily wounded.
The ogre completely misses you.
You slash the ogre!
The ogre is severely wounded.
The ogre misses you.
You hit the ogre.
The ogre is almost dead.
You block the ogre's attack.
You barely miss the ogre.
The ogre is almost dead.
The ogre hits you with a +0 giant club!!
Ouch! That really hurt!
You die...

.#* * .. .#*** * ### .# *
#.# ?# , , #.##### .# * *
##'#...# ####.######
#......# #..@O......
#......# ###.##.#.#### *
#......###...##.# * ,
##...................
#.####....#.##.#>........
#.# #......##.#.........,,
#.####.##.#.##)#.........,
#.......#.#.##...........
######..#.#.##..........)


You could see an ogre.

Vanquished Creatures
  An adder (D:4)
  An ooze (D:1)
  A bat (D:1)
  A giant cockroach (D:1)
  A hobgoblin (D:2)
  3 frilled lizards (D:2)
  2 kobolds
10 creatures vanquished.

Notes
Turn   | Place    | Note
-------+----------+-------------------------------------------
     0 | D:1      | EnegeticOcto the Deep Dwarf Fighter began the quest for the
                  | Orb.
     0 | D:1      | Reached XP level 1. HP: 20/20 MP: 1/1
   125 | D:1      | Reached XP level 2. HP: 22/27 MP: 2/2
   264 | D:4      | Noticed an ogre
   270 | D:4      | Mangled by an ogre

Illustrated notes

Levels and vault maps discovered:
D:1:      dpeg_arrival_snail, layout_rooms, roderic_lattice_a, minmay_quantized
D:2:      cheibrodos_old_hovel, layout_basic
D:3:      layout_basic, nicolae_overflow_crystal_walls, uniq_jessica, uniq_ijyb
D:4:      layout_basic

Action                   || total
-------------------------++-------
Melee: War axe           ||    39
Armor: Scale mail        ||    18
Dodge: Dodged            ||    12
Block: Kite shield       ||    13

Table legend: (Time is in decaauts)
 A = Elapsed time spent in this place.
 B = Non-inter-level travel time spent in this place.
 C = Inter-level travel time spent in this place.
 D = Time resting spent in this place.
 E = Time spent auto-exploring this place.
 F = Levels seen in this place.
 G = Mean time per level.
                   A        B        C        D        E       F      G
               +--------+--------+--------+--------+--------+-----+--------+
         Total |    286 |    247 |     39 |      0 |    156 |   4 |   71.5 |
       Dungeon |    286 |    247 |     39 |      0 |    156 |   4 |   71.5 |
               +--------+--------+--------+--------+--------+-----+--------+

Top non-repeatable levels by time:
     D:1: 141 daAuts
     D:2: 79 daAuts
     D:4: 52 daAuts
     D:3: 14 daAuts
